 Dungeon Crawl Stone Soup version 0.30-a0-12-gd8047c6341 (webtiles) character file.

Game seed: 9457190015514530435

429 timneilson the Covered (level 6, -1/38 HPs)
             Began as a Gargoyle Fighter on Aug 23, 2022.
             Slain by an orc priest
             ... wielding a +0 trident
              (6 damage)
             ... on level 4 of the Dungeon on Aug 24, 2022.
             The game lasted 00:08:16 (4571 turns).

timneilson the Covered (Gargoyle Fighter)           Turns: 4571, Time: 00:08:17

Health: -1/38      AC: 14    Str: 21    XL:     6   Next: 98%
Magic:  6/6        EV:  8    Int:  9    God:
Gold:   257        SH: 11    Dex: 15    Spells: 5/5 levels left

rFire   . . .      SeeInvis +    a - +1 long sword
rCold   . . .      Faith    .    c - +1 buckler
rNeg    + . .      Spirit   .    v - +0 chain mail
rPois   ∞          Reflect  +    (no helmet)
rElec   +          Harm     .    (no cloak)
rCorr   .          Rampage  .    (no gloves)
Will    .....                    (no boots)
Stlth   ..........               l - amulet of reflection
HPRegen 0.12/turn                q - ring of see invisible
MPRegen 0.10/turn                r - +6 ring of dexterity

@: mighty
A: sickness immunity, AC +4, negative energy resistance 1, electricity
resistance, torment resistance 1, petrification resistance
a: no special abilities


You were on level 4 of the Dungeon.
You visited 1 branch of the dungeon, and saw 4 of its levels.
You also visited: Sewer.

You collected 257 gold pieces.

Inventory:

Hand Weapons
 a - a +1 long sword (weapon)
 b - a +2 war axe of flaming
Armour
 c - a +1 buckler (worn)
 v - a +0 chain mail (worn)
Jewellery
 i - a ring of fire
 l - an amulet of reflection (around neck)
 q - a ring of see invisible (left hand)
 r - a +6 ring of dexterity (right hand)
 t - a +6 ring of dexterity
Wands
 f - a wand of charming (6)
 x - a wand of polymorph (12)
Scrolls
 d - 2 scrolls of fear
 g - a scroll of summoning
 h - a scroll of teleportation
 k - a scroll of identify
 o - a scroll of torment
 w - a scroll of enchant weapon
Potions
 e - a potion of brilliance
 j - a potion of curing
 m - 2 potions of berserk rage {unknown}
 n - a potion of flight {unknown}
 p - a potion of haste {unknown}
 u - a potion of ambrosia {unknown}
 z - a potion of magic {unknown}


   Skills:
 + Level 4.1 Fighting
 * Level 3.3 Long Blades
 * Level 5.1 Armour
 + Level 1.6 Dodging
 * Level 5.0 Shields
 + Level 1.1 Evocations


You had 5 spell levels left.
You didn't know any spells.
Your spell library contained the following spells:

 Spells                   Type           Power      Damage    Failure   Level
 Wereblood                Tmut           0%         N/A       100%        2
 Summon Hydra             Summ           0%         N/A       100%        7
 Sublimation of Blood     Necr           Unusable   N/A       N/A         2

Dungeon Overview and Level Annotations

Branches:
Dungeon (4/15)              Sewer (visited)
 Temple: D:4-7

Altars:
Hepliaklqana
Nemelex Xobeh
Ru
Trog
Uskayaw
Yredelemnul

Shops:
D:1 (   D:2 ?

Annotations:
D:4 1 runed translucent door, Setbun's ghost, amateur SpBe


Innate Abilities, Weirdness & Mutations

You are immune to sickness and miasma.
Your stone body is resilient. (AC +4)
You are immune to poison.
You resist negative energy. (rN+)
You are resistant to electric shocks. (rElec)
You are resistant to unholy torment.
You are immune to petrification.


Message History

You closely miss the orc warrior.
The orc warrior is lightly wounded.
The orc priest hits you from afar with a +0 trident.
You block the orc warrior's attack.
The orc warrior hits you with a +0 scimitar.
You block the orc priest's attack.
You slash the orc warrior!
The orc warrior is severely wounded.
You block the orc priest's attack.
The orc warrior drinks a potion.
The orc warrior is healed!
You barely miss the orc warrior.
The orc priest mumbles some strange prayers to Beogh against you.
Beogh smites you! You block the orc warrior's attack.
You hit the orc warrior.
The orc warrior is lightly wounded.
The orc priest hits you from afar with a +0 trident.
You block the orc warrior's attack.
You slash the orc warrior!
The orc warrior is moderately wounded.
The orc priest hits you but does no damage.
You block the orc warrior's attack. The orc warrior barely misses you.
The orc priest calls upon Beogh to heal the orc warrior.
The orc warrior is healed somewhat.
You slash the orc warrior!
The orc warrior is heavily wounded.
You block the orc priest's attack.
The orc warrior hits you but does no damage.
You hit the orc warrior.
The orc warrior is severely wounded.
The orc priest hits you but does no damage.
The orc warrior hits you with a +0 scimitar!
* * * LOW HITPOINT WARNING * * *
You hit the orc warrior but do no damage.
The orc warrior is heavily wounded.
The orc priest hits you but does no damage.
The orc warrior hits you with a +0 scimitar.
* * * LOW HITPOINT WARNING * * *
The orc warrior barely misses you.
The orc priest hits you from afar with a +0 trident.
You die...

#######.... ..[......
#.P.P... #.._...
######### .P.P.
#.......# ..o #.#####.#
#o# #.# #.# #@# #.#
#.####.###.# #.#
#.#........# #.#
#.#.############ #.#
#.#<...........# #.#
#.##.#########.########
#.# #....#
#............. #.#
#..### #.#.#.########
#.# #..# #.#.#.########


You could see an orc warrior and an orc priest.

Vanquished Creatures
  Pargi (Sewer)
  An orc priest (D:4)
  Natasha (twice) (D:2)
  2 iguanas
  An orc wizard (D:4)
  7 adders
  An ufetubus (D:4)
  3 worms
  2 dart slugs
  6 orcs
  3 ball pythons (D:3)
  10 endoplasms
  5 giant cockroaches
  10 goblins
  3 hobgoblins
  5 jackals
  4 kobolds
  6 quokkas
  6 bats
  12 frilled lizards
  3 rats
93 creatures vanquished.

Notes
Turn   | Place    | Note
-------+----------+-------------------------------------------
     0 | D:1      | timneilson the Gargoyle Fighter began the quest for the
                  | Orb.
     0 | D:1      | Reached XP level 1. HP: 14/14 MP: 1/1
   165 | D:1      | Found Degamn's Antique Weapon Boutique.
   274 | D:1      | Reached XP level 2. HP: 18/19 MP: 2/2
  1113 | D:1      | Reached XP level 3. HP: 23/23 MP: 3/3
  1544 | D:2      | Found Ucetwuezec's Magic Scroll Boutique.
  1901 | D:2      | Found a sparkling altar of Nemelex Xobeh.
  1916 | D:2      | Noticed Natasha
  1941 | D:2      | Reached XP level 4. HP: 19/28 MP: 4/4
  1949 | D:2      | Killed Natasha
  2098 | D:2      | Identified the +2 leather armour "Oddotufi" {Str+6}
  2430 | D:2      | Noticed Natasha
  2437 | D:2      | Killed Natasha
  2438 | D:2      | Reached skill level 1 in Dodging
  2438 | D:2      | Reached XP level 5. HP: 33/33 MP: 5/5
  2504 | D:3      | Found a faded altar of an unknown god.
  2599 | D:3      | Found a glowing drain.
  2695 | Sewer    | Entered a sewer
  2798 | Sewer    | Noticed Pargi
  2808 | Sewer    | Killed Pargi
  2809 | Sewer    | Reached XP level 6. HP: 32/38 MP: 6/6
  3186 | D:3      | Found a bloodstained altar of Trog.
  3385 | D:3      | Found a hide-covered altar of Uskayaw.
  3897 | D:4      | Reached skill level 1 in Evocations
  3916 | D:4      | Found a sacrificial altar of Ru.
  4086 | D:4      | Reached skill level 5 in Armour
  4095 | D:4      | Noticed Setbun's ghost (amateur SpBe)
  4122 | D:4      | Reached skill level 5 in Shields
  4205 | D:4      | Found a hazy altar of Hepliaklqana.
  4251 | D:4      | Found a runed translucent door.
  4556 | D:4      | Found a basalt altar of Yredelemnul.
  4557 | D:4      | Noticed an orc warrior
  4571 | D:4      | Slain by an orc priest

Illustrated notes

Levels and vault maps discovered:
D:1:      minmay_arrival_checkered_box, layout_rooms, serial_shops, shop_statue,
          minmay_lizard_pond
D:2:      layout_loops_ring, serial_shops, nicolae_lakefront_shop, basic_altar,
          minmay_pentomino_u2, uniq_natasha
D:3:      layout_loops_ring, mainiacjoe_overflow_alcove_1, old_standard_altar,
          gup_sewer_entry_pipe, nicolae_ecumenical_pavilion, minmay_cut_off
D:4:      layout_basic, yredelemnul_altar_generic, nzn_hepliaklqana_mist_gate,
          mainiacjoe_overflow_brackets, hellmonk_ghost_happy_afterlife

Skill      XL: |  1  2  3  4  5  6 |
---------------+-------------------+-----
Long Blades    | 2 3 |  3.3
Shields        | 4 5 |  5.0
Armour         | 4 5 |  5.1
Dodging        | 1 |  1.6
Fighting       | 4 |  4.1
Evocations     | 1 |  1.1

Action                   |  1- 3 |  4- 6 || total
-------------------------+-------+-------++-------
Melee: Long sword        |   159 |   240 ||   399
  Use: Scroll            |     5 |     6 ||    11
       Potion            |       |     2 ||     2
Armor: Scale mail        |    92 |    69 ||   161
       Chain mail        |       |    21 ||    21
Dodge: Dodged            |    86 |    71 ||   157
Block: Buckler           |    77 |   158 ||   235
       Reflection        |       |     2 ||     2

Table legend: (Time is in decaauts)
 A = Elapsed time spent in this place.
 B = Non-inter-level travel time spent in this place.
 C = Inter-level travel time spent in this place.
 D = Time resting spent in this place.
 E = Time spent auto-exploring this place.
 F = Levels seen in this place.
 G = Mean time per level.
                   A        B        C        D        E       F      G
               +--------+--------+--------+--------+--------+-----+--------+
         Total |   4726 |   4635 |     91 |    127 |   3368 |   5 |  945.2 |
       Dungeon |   4522 |   4431 |     91 |     74 |   3259 |   4 | 1130.5 |
         Sewer |    204 |    204 |      0 |     53 |    108 |   1 |  204.0 |
               +--------+--------+--------+--------+--------+-----+--------+

Top non-repeatable levels by time:
     D:2: 1406 daAuts
     D:1: 1179 daAuts
     D:3: 1066 daAuts
     D:4: 870 daAuts
   Sewer: 204 daAuts
